 Dungeon Crawl Stone Soup version 0.25.1-2-g60ff931df9 (webtiles) character file.

Game seed: 2316647919340360158

72 Exodus22XD the Poker (level 4, -1/34 HPs)
             Began as a Demonspawn Gladiator on Oct 31, 2020.
             Killed by nerve-wracking pain
             ... invoked by a shadow imp
              (10 damage)
             ... on level 2 of the Dungeon.
             The game lasted 00:01:13 (1264 turns).

Exodus22XD the Poker (Demonspawn Gladiator)         Turns: 1264, Time: 00:01:13

Health: -1/34      AC:  8    Str: 16    XL:     4   Next: 6%
Magic:  4/4        EV: 11    Int:  9    God:
Gold:   22         SH:  0    Dex: 10    Spells: 3/3 levels left

rFire    . . .     SeeInvis .   a - +0 trident
rCold    . . .     Gourm    .   (no shield)
rNeg     . . .     Faith    .   k - +0 ring mail
rPois    .         Spirit   .   c - +0 helmet
rElec    .         Reflect  .   (no cloak)
rCorr    .         Harm     .   (no gloves)
MR       .....                  (no boots)
Stlth    ..........             (no amulet)
HPRegen  0.11/turn              j - -4 ring of dexterity (curse)
MPRegen  0.09/turn              (no ring)

@: no status effects
A: icy blue scales 1, spiny 2
a: no special abilities


You were on level 2 of the Dungeon.
You were not hungry.

You visited 1 branch of the dungeon, and saw 2 of its levels.

You collected 22 gold pieces.

Inventory:

Hand Weapons
 a - a +0 trident (weapon)
Missiles
 d - 3 throwing nets (quivered)
Armour
 b - a +0 leather armour
 c - a +0 helmet (worn)
 k - a +0 ring mail (worn)
Jewellery
 j - a cursed -4 ring of dexterity (left hand)
Scrolls
 e - 2 scrolls of magic mapping {unknown}
 h - a scroll of amnesia {unknown}
 l - a scroll of identify {unknown}
Potions
 i - a potion of stabbing {unknown}
 m - a potion of cancellation {unknown}
 n - a potion of haste {unknown}
 o - 2 potions of mutation {unknown}
Comestibles
 f - 4 rations


   Skills:
 + Level 2.5 Fighting
 + Level 3.6 Polearms
 - Level 1.7 Throwing
 + Level 1.0 Armour
 + Level 3.2 Dodging
 + Level 0.1 Stealth


You had 3 spell levels left.
You didn't know any spells.
Your spell library was empty.

Dungeon Overview and Level Annotations

Branches:
Dungeon (2/15)

Altars:


Innate Abilities, Weirdness & Mutations

You are partially covered in icy blue scales. (AC +2)
You are mostly covered in sharp spines.


Message History

The gnoll is severely wounded.
The gnoll hits you with a +0 halberd.
* * * LOW HITPOINT WARNING * * *
You puncture the gnoll!
You kill the gnoll!
Your Armour skill increases to level 1!
You have reached level 4!
You feel stronger.
Your demonic ancestry asserts itself...
Sharp spines emerge from more of your body.
The shadow imp is struck by your spines.
The shadow imp hits you but does no damage.
You barely miss the shadow imp.
The shadow imp is lightly wounded.
The shadow imp is struck by your spines.
The shadow imp hits you but does no damage.
You hit the shadow imp.
The shadow imp is almost dead.
The shadow imp gestures at you. Pain shoots through your body!
You die...

#...............#
#................
#.####.#.##...#...
.####.####....#.###
##
......#.(/.####.#
#....)##.# .#
##....##<#
#...)#### #..5@...#
#..)###.# #.[. #
#... #... #... ....
.....


You could see a shadow imp.

Vanquished Creatures
  3 gnolls (D:2)
  An ooze (D:1)
  3 dart slugs (D:1)
  2 leopard geckos (D:1)
  5 bats (D:1)
  A giant cockroach (D:1)
  4 goblins (D:1)
  4 hobgoblins
  A frilled lizard (D:1)
  3 kobolds
  2 rats (D:1)
29 creatures vanquished.

Notes
Turn   | Place    | Note
-------+----------+-------------------------------------------
     0 | D:1      | Exodus22XD the Demonspawn Gladiator began the quest for the
                  | Orb.
     0 | D:1      | Reached XP level 1. HP: 16/16 MP: 1/1
   376 | D:1      | Gained mutation: You are partially covered in sharp spines.
                  | [demonic ancestry]
   376 | D:1      | Reached XP level 2. HP: 22/22 MP: 2/2
   655 | D:1      | Gained mutation: You are partially covered in icy blue
                  | scales. (AC +2) [demonic ancestry]
   655 | D:1      | Reached XP level 3. HP: 27/27 MP: 3/3
  1262 | D:2      | Reached skill level 1 in Armour
  1262 | D:2      | Gained mutation: You are mostly covered in sharp spines.
                  | [demonic ancestry]
  1262 | D:2      | Reached XP level 4. HP: 9/34 MP: 4/4
  1264 | D:2      | Killed from afar by a shadow imp

Illustrated notes

Levels and vault maps discovered:
D:1:      grunt_arrival_lava_bath, layout_basic, hangedman_decor_growths
D:2:      layout_basic, grunt_temple_overflow_holy_war, old_standard_altar,
          serial_bayou_lake_a

Skill      XL: |  1  2  3 |
---------------+----------+-----
Dodging        | 3 |  3.2
Polearms       | 3 |  3.6
Armour         | 1 |  1.0
Fighting       | |  2.5
Throwing       | |  1.7
Stealth        | |  0.1

Action                   |  1- 3 |  4- 6 || total
-------------------------+-------+-------++-------
Melee: Trident           |    96 |     2 ||    98
  Eat: Chunk             |     1 |       ||     1
Armor: Leather armour    |    14 |       ||    14
       Ring mail         |    10 |     2 ||    12
Dodge: Dodged            |    44 |       ||    44
